 Dungeon Crawl Stone Soup version 0.28-a0-1356-g2ad6d04315 (webtiles) character file.

Game seed: 4280034787690022051

51 croobank the Skirmisher (level 3, 0/29 HPs)
             Began as a Demonspawn Abyssal Knight on Dec 31, 2021.
             Was a Follower of Lugonu.
             Slain by a hobgoblin (1 damage)
             ... on level 3 of the Dungeon.
             The game lasted 00:11:14 (2635 turns).

croobank the Skirmisher (Demonspawn Abyssal Knight) Turns: 2635, Time: 00:11:14

Health: 0/29       AC: 11    Str: 14 (15) XL:     3   Next: 58%
Magic:  5/5        EV: 10    Int:  8 (11) God:    Lugonu [*.....]
Gold:   128        SH:  0    Dex: 12 (13) Spells: 2/2 levels left

rFire   . . .      SeeInvis .   a - +1 hand axe
rCold   . . .      Faith    .   (no shield)
rNeg    . . .      Spirit   .   d - +0 ring mail
rPois   .          Reflect  .   (no helmet)
rElec   .          Harm     .   (no cloak)
rCorr   .          Rampage  .   (no gloves)
Will    .....                   (no boots)
Stlth   +.........              (no amulet)
HPRegen 0.09/turn               (no ring)
MPRegen 0.09/turn               (no ring)

@: sanguine armoured
A: sanguine armour 1
a: Renounce Religion, Depart the Abyss


You were on level 3 of the Dungeon.
You worshipped Lugonu.
Lugonu was aware of your devotion.
You visited 1 branch of the dungeon, and saw 3 of its levels.
You visited the Abyss 1 time.

You collected 128 gold pieces.

Inventory:

Hand Weapons
 a - a +1 hand axe (weapon)
Missiles
 c - 75 stones
 h - 11 poisoned darts (quivered)
 i - 26 sling bullets
 k - 16 arrows
Armour
 b - a +0 leather armour
 d - a +0 ring mail (worn)
 j - a +0 scale mail
Scrolls
 f - a scroll of magic mapping
Potions
 g - a potion of brilliance


   Skills:
 + Level 3.3 Fighting
 + Level 2.2 Axes
 + Level 2.3 Armour
 + Level 1.4 Dodging
 + Level 3.2 Invocations


You had 2 spell levels left.
You didn't know any spells.
Your spell library was empty.

Dungeon Overview and Level Annotations

Branches:
Dungeon (3/15)

Altars:

Shops:
D:2 [

Annotations:
D:2 Sigmund
D:3 3 runed translucent doors, Shayle's ghost, amateur NaWr


Innate Abilities, Weirdness & Mutations

When seriously injured, your blood forms armour. (AC +6)


Message History

A hobgoblin comes into view. It is wielding a +0 falchion.
The hobgoblin moves out of view.
You start resting.
A hobgoblin is nearby!
The hobgoblin hits you with a +0 falchion.
Your blood congeals into armour.
You closely miss the hobgoblin.
The hobgoblin hits you but does no damage.
You barely miss the hobgoblin.
Your blood armour dries and flakes away.
The hobgoblin hits you with a +0 falchion!
Your blood congeals into armour.
You hit the hobgoblin.
The hobgoblin is almost dead.
The hobgoblin drinks a potion.
The hobgoblin is healed!
You barely miss the hobgoblin.
The hobgoblin hits you with a +0 falchion.
* * * LOW HITPOINT WARNING * * *
Press: ? - help, v - describe, . - travel The floor.
Press: ? - help, v - describe, . - travel
Here: a hobgoblin, wielding a +0 falchion The floor.
Press: ? - help, v - describe, . - travel
Here: a hobgoblin, wielding a +0 falchion The floor.
Unknown command.
There is a stone staircase leading up here.
You see here an adder skeleton.
You hit the hobgoblin but do no damage.
The hobgoblin hits you with a +0 falchion!
* * * LOW HITPOINT WARNING * * *
Okay, then.
Okay, then.
You barely miss the hobgoblin. The hobgoblin barely misses you.
You completely miss the hobgoblin. The hobgoblin barely misses you.
The hobgoblin closely misses you.
You hit the hobgoblin but do no damage.
The hobgoblin hits you with a +0 falchion.
You die...

#.###.###...###
##.#### #####...##
#...# #.....#
#......## #####
#.###.# #.####.#
####### ###.# #<#
####.# #.....#
#...###.## #....#
#.....# #.#......#
#.##.# #.....#
#.#.#....รท #.#.##.##
#.....###.#......#
#.......#
#@g...........##.#
#######.#
#########.#.####.#
#.###########.#.####.#
#..........##.#......#
#.##.##)##.##.########
#.##.##.......#
#....##.##.####
#.##....##.#
#.##.......#


You could see a hobgoblin.

Vanquished Creatures
  An adder (D:3)
  A worm (D:2)
  2 dart slugs (D:1)
  An orc (D:3)
  3 ball pythons (D:2)
  5 bats
  4 endoplasms
  A giant cockroach (D:1)
  A goblin (D:3)
  2 hobgoblins (D:1)
  3 kobolds
  A quokka (D:2)
  A frilled lizard (D:1)
  7 rats
33 creatures vanquished.

Notes
Turn   | Place    | Note
-------+----------+-------------------------------------------
     0 | Abyss:1  | croobank the Demonspawn Abyssal Knight began the quest for
                  | the Orb.
     0 | Abyss:1  | Reached XP level 1. HP: 18/18 MP: 2/2
    46 | Abyss:1  | Noticed a tentacled starspawn
    96 | Abyss:1  | Found a corrupted altar of Lugonu.
   155 | Abyss:1  | Noticed a worldbinder
   158 | Abyss:1  | Noticed a goliath frog
   158 | Abyss:1  | Noticed a bog body
   161 | Abyss:1  | Noticed a swamp drake
   161 | Abyss:1  | Noticed a bog body
   172 | D:1      | Escaped the Abyss
   216 | D:1      | Reached skill level 1 in Dodging
   321 | D:1      | Reached * piety under Lugonu
   462 | D:1      | Gained mutation: When seriously injured, your blood forms
                  | armour. (AC +6) [demonic ancestry]
   462 | D:1      | Reached XP level 2. HP: 23/24 MP: 4/4
  1253 | D:2      | Found Zicin's Antique Armour Shoppe.
  1620 | D:2      | Reached XP level 3. HP: 24/29 MP: 5/5
  2011 | D:2      | Noticed Sigmund
  2543 | D:3      | Found a runed translucent gate.
  2544 | D:3      | Found a runed translucent gate.
  2544 | D:3      | Found a runed translucent gate.
  2561 | D:3      | Noticed Shayle's ghost (amateur NaWr)
  2632 | D:3      | HP: 1/29 [hobgoblin (7)]
  2635 | D:3      | Slain by a hobgoblin

Illustrated notes

Levels and vault maps discovered:
D:1:      heliophobic_arrival_enchanted_forest, layout_basic,
          hangedman_decor_growths, minmay_misc_feat_four_crosses,
          hangedman_decor_riveting, hex_tiny, due_unseen_surprise
D:2:      layout_loops_corners, serial_shops, shop, grunt_ministairs_10,
          kennysheep_donut, minmay_misc_feat_more_columns, uniq_sigmund
D:3:      layout_loops_cross, ebering_ghost_rock_garden

Skill      XL: |  1  2 |
---------------+-------+-----
Dodging        | 1 |  1.4
Armour         | 2 |  2.3
Axes           | 2 |  2.2
Invocations    | 3 |  3.2
Fighting       | |  3.3

Action                   || total
-------------------------++-------
Melee: Hand axe          ||   119
Throw: Dart              ||     2
Invok: Depart the Abyss  ||     1
  Use: Scroll            ||     6
       Potion            ||     2
Armor: Leather armour    ||    18
       Ring mail         ||    15
Dodge: Dodged            ||    57

Table legend: (Time is in decaauts)
 A = Elapsed time spent in this place.
 B = Non-inter-level travel time spent in this place.
 C = Inter-level travel time spent in this place.
 D = Time resting spent in this place.
 E = Time spent auto-exploring this place.
 F = Levels seen in this place.
 G = Mean time per level.
                   A        B        C        D        E       F      G
               +--------+--------+--------+--------+--------+-----+--------+
         Total |   2659 |   2617 |     42 |    724 |   1307 |   4 |  664.8 |
       Dungeon |   2485 |   2443 |     42 |    724 |   1290 |   3 |  828.3 |
         Abyss |    173 |    173 |      0 |      0 |     17 |   1 |  173.0 |
               +--------+--------+--------+--------+--------+-----+--------+

Top non-repeatable levels by time:
     D:1: 986 daAuts
     D:2: 871 daAuts
     D:3: 627 daAuts
 Abyss:1: 173 daAuts
